[ AOE2 MATCH · #505585683 ]
UnrankedKoreans vs Tupi
Player's team · LOSS
Rival team · WIN
[ REPLAY ANALYSIS · EXTRACTED FROM THE RECORDED GAME ]
Feudal
14:28
Castle
26:49
Imperial
—
| APM avg | 62.8 |
| APM peak | 133 |
| eAPM avg | 24.9 |
| Villagers / military | 60 / 48 |
Focus
⚔️ 32.6% · 🌾 67.4%
Skirmisher ×28 · Archer ×9 · Militia ×6 · Fire Lancer ×5
Feudal
13:46
Castle
25:20
Imperial
—
| APM avg | 85.8 |
| APM peak | 171 |
| eAPM avg | 31.5 |
| Villagers / military | 58 / 16 |
Focus
⚔️ 32.2% · 🌾 67.8%
Unknown (2550) ×34 · Skirmisher ×12 · Archer ×2 · Spearman ×1 · Battering Ram ×1
Match map
Initial resources + every placement click. Lines = walls · curves = elevation contours. ◆ gold · ⬟ stone · ● berries · ✦ relic · ◌ wall gap
Your base· Open — 5t gap
Gil-galad's base· Open — 3t gap
Smoothed initial terrain · ◌ = detected wall gap · hover for details
Inputs per minute
— eduv - - Gil-galad
Build order — eduv
First 150 of 189 actions detected
| 0:01 | Create | Villager (Male) |
| 0:02 | Create | Villager (Male) |
| 0:03 | Build | House |
| 0:04 | Build | House |
| 0:09 | Create | Villager (Male) |
| 0:09 | Create | Villager (Male) |
| 0:10 | Create | Villager (Male) |
| 1:23 | Create | Villager (Male) |
| 1:23 | Create | Villager (Male) |
| 2:07 | Create | Villager (Male) |
| 2:25 | Create | Villager (Male) |
| 2:50 | Create | Villager (Male) |
| 2:51 | Create | Villager (Male) |
| 3:08 | Create | Villager (Male) |
| 3:09 | Create | Villager (Male) |
| 3:33 | Build | Barracks |
| 3:36 | Build | House |
| 3:47 | Create | Villager (Male) |
| 3:48 | Create | Villager (Male) |
| 3:48 | Create | Villager (Male) |
| 4:30 | Create | Villager (Male) |
| 4:30 | Create | Villager (Male) |
| 4:56 | Create | Villager (Male) |
| 4:57 | Create | Villager (Male) |
| 5:29 | Create | Villager (Male) |
| 5:29 | Create | Villager (Male) |
| 5:30 | Create | Villager (Male) |
| 5:44 | Create | Militia |
| 5:44 | Create | Militia |
| 5:51 | Build | House |
| 6:07 | Create | Militia |
| 6:09 | Create | Militia |
| 6:54 | Create | Villager (Male) |
| 6:55 | Create | Villager (Male) |
| 7:01 | Build | Lumber Camp |
| 7:20 | Create | Militia |
| 7:20 | Create | Militia |
| 7:39 | Create | Villager (Male) |
| 7:39 | Create | Villager (Male) |
| 7:39 | Create | Villager (Male) |
| 7:39 | Create | Villager (Male) |
| 8:16 | Build | House |
| 8:46 | Build | Mill |
| 8:56 | Create | Villager (Male) |
| 9:00 | Build | House |
| 9:01 | Build | House |
| 9:03 | Build | Palisade Wall |
| 9:22 | Create | Villager (Male) |
| 9:49 | Build | House |
| 9:51 | Build | Palisade Wall |
| 9:53 | Build | Palisade Wall |
| 10:02 | Build | Mining Camp |
| 10:07 | Create | Villager (Male) |
| 10:30 | Create | Villager (Male) |
| 10:54 | Create | Villager (Male) |
| 11:21 | Create | Villager (Male) |
| 11:25 | Research | Loom |
| 11:44 | Create | Villager (Male) |
| 11:50 | Build | Mill |
| 11:56 | Research | Feudal Age |
| 12:49 | Create | Villager (Male) |
| 13:39 | Create | Villager (Male) |
| 14:06 | Create | Villager (Male) |
| 14:28 | Age | Feudal Age |
| 14:30 | Create | Villager (Male) |
| 14:36 | Build | Archery Range |
| 14:42 | Build | Archery Range |
| 14:47 | Build | Palisade Wall |
| 14:50 | Build | Palisade Wall |
| 14:52 | Build | Palisade Wall |
| 15:08 | Create | Villager (Male) |
| 15:24 | Create | Skirmisher |
| 15:25 | Create | Skirmisher |
| 15:32 | Create | Archer |
| 15:32 | Create | Archer |
| 16:00 | Build | Lumber Camp |
| 16:02 | Create | Archer |
| 16:02 | Create | Archer |
| 16:15 | Create | Villager (Male) |
| 16:24 | Create | Villager (Male) |
| 16:25 | Create | Skirmisher |
| 16:25 | Create | Archer |
| 16:34 | Create | Villager (Male) |
| 16:51 | Research | Double-Bit Axe |
| 16:51 | Research | Double-Bit Axe |
| 17:14 | Build | Blacksmith |
| 17:19 | Build | House |
| 17:24 | Create | Skirmisher |
| 17:26 | Create | Archer |
| 17:36 | Create | Skirmisher |
| 17:36 | Create | Archer |
| 17:38 | Create | Villager (Male) |
| 18:08 | Create | Villager (Male) |
| 18:12 | Build | Palisade Wall |
| 18:13 | Build | Palisade Wall |
| 18:19 | Create | Archer |
| 18:20 | Create | Archer |
| 18:39 | Create | Villager (Male) |
| 18:40 | Create | Villager (Male) |
| 18:44 | Build | Farm |
| 18:45 | Build | Farm |
| 18:45 | Build | Farm |
| 18:45 | Build | Farm |
| 18:48 | Research | Horse Collar |
| 18:49 | Create | Villager (Male) |
| 18:51 | Build | Farm |
| 18:51 | Build | Farm |
| 18:51 | Build | Farm |
| 18:52 | Build | Farm |
| 19:00 | Build | Farm |
| 19:00 | Build | Farm |
| 19:02 | Create | Skirmisher |
| 19:02 | Create | Skirmisher |
| 19:10 | Create | Skirmisher |
| 19:10 | Create | Skirmisher |
| 19:11 | Create | Skirmisher |
| 19:14 | Create | Villager (Male) |
| 19:16 | Build | House |
| 19:18 | Build | House |
| 19:34 | Research | Fletching |
| 19:35 | Create | Villager (Male) |
| 19:41 | Build | House |
| 19:42 | Build | House |
| 20:13 | Create | Skirmisher |
| 20:14 | Create | Villager (Male) |
| 20:19 | Build | Farm |
| 20:19 | Build | Farm |
| 20:19 | Build | Farm |
| 20:20 | Build | Farm |
| 20:20 | Build | Farm |
| 20:24 | Create | Skirmisher |
| 20:24 | Create | Skirmisher |
| 20:28 | Build | Farm |
| 20:34 | Build | Farm |
| 20:37 | Build | Farm |
| 20:37 | Build | Farm |
| 20:39 | Create | Villager (Male) |
| 20:47 | Create | Skirmisher |
| 20:51 | Create | Skirmisher |
| 21:05 | Create | Skirmisher |
| 21:05 | Create | Skirmisher |
| 21:05 | Create | Skirmisher |
| 21:57 | Create | Skirmisher |
| 21:58 | Create | Skirmisher |
| 21:58 | Create | Skirmisher |
| 22:15 | Create | Skirmisher |
| 22:15 | Create | Skirmisher |
| 22:16 | Create | Skirmisher |
| 22:16 | Create | Villager (Male) |
| 22:16 | Create | Villager (Male) |
Build order — Gil-galad
First 150 of 202 actions detected
| 0:00 | Create | Villager (Male) |
| 0:01 | Create | Villager (Male) |
| 0:01 | Create | Villager (Male) |
| 0:02 | Build | House |
| 0:03 | Create | Villager (Male) |
| 0:04 | Create | Villager (Male) |
| 0:05 | Build | House |
| 1:06 | Create | Villager (Male) |
| 1:06 | Create | Villager (Male) |
| 1:33 | Create | Villager (Male) |
| 1:33 | Create | Villager (Male) |
| 1:58 | Build | Settlement |
| 2:06 | Create | Villager (Male) |
| 2:06 | Create | Villager (Male) |
| 2:20 | Create | Villager (Male) |
| 2:20 | Create | Villager (Male) |
| 3:12 | Create | Villager (Male) |
| 3:12 | Create | Villager (Male) |
| 3:36 | Create | Villager (Male) |
| 3:36 | Create | Villager (Male) |
| 4:00 | Create | Villager (Male) |
| 4:21 | Build | Barracks |
| 4:31 | Create | Villager (Male) |
| 4:31 | Create | Villager (Male) |
| 5:02 | Create | Villager (Male) |
| 5:02 | Create | Villager (Male) |
| 5:26 | Create | Villager (Male) |
| 5:27 | Create | Villager (Male) |
| 5:28 | Create | Villager (Male) |
| 5:28 | Create | Villager (Male) |
| 5:31 | Create | Unit 2550 |
| 5:31 | Create | Unit 2550 |
| 5:45 | Build | House |
| 5:56 | Create | Villager (Male) |
| 6:10 | Create | Unit 2550 |
| 6:12 | Create | Villager (Male) |
| 6:53 | Create | Villager (Male) |
| 6:55 | Create | Unit 2550 |
| 7:00 | Research | Loom |
| 7:00 | Create | Villager (Male) |
| 7:08 | Build | Settlement |
| 7:15 | Build | Settlement |
| 7:18 | Create | Villager (Male) |
| 7:40 | Create | Villager (Male) |
| 7:44 | Create | Unit 2550 |
| 8:03 | Create | Villager (Male) |
| 8:29 | Create | Villager (Male) |
| 8:39 | Build | Palisade Wall |
| 8:40 | Build | Palisade Wall |
| 8:42 | Build | Palisade Wall |
| 8:43 | Build | Palisade Wall |
| 8:46 | Build | Palisade Wall |
| 8:50 | Build | Palisade Wall |
| 8:53 | Create | Villager (Male) |
| 8:56 | Build | Farm |
| 8:57 | Build | Farm |
| 8:59 | Build | Farm |
| 9:14 | Build | Palisade Wall |
| 9:20 | Build | Palisade Wall |
| 9:22 | Build | Palisade Wall |
| 9:23 | Build | Palisade Wall |
| 9:25 | Create | Villager (Male) |
| 10:05 | Create | Villager (Male) |
| 10:09 | Build | House |
| 10:10 | Build | Farm |
| 10:39 | Create | Villager (Male) |
| 10:42 | Build | Farm |
| 10:49 | Build | Palisade Wall |
| 10:53 | Build | Palisade Wall |
| 10:54 | Build | Palisade Wall |
| 10:57 | Build | Palisade Wall |
| 11:36 | Research | Feudal Age |
| 11:36 | Research | Feudal Age |
| 11:43 | Build | Farm |
| 11:46 | Build | Farm |
| 11:56 | Create | Unit 2550 |
| 11:57 | Create | Villager (Male) |
| 12:45 | Create | Unit 2550 |
| 12:46 | Create | Villager (Male) |
| 13:09 | Build | Farm |
| 13:10 | Build | Farm |
| 13:12 | Build | Farm |
| 13:16 | Create | Unit 2550 |
| 13:32 | Build | Palisade Wall |
| 13:33 | Build | Palisade Wall |
| 13:46 | Age | Feudal Age |
| 13:50 | Research | Tech 1402 |
| 13:54 | Build | Archery Range |
| 13:59 | Research | Double-Bit Axe |
| 14:02 | Research | Horse Collar |
| 14:03 | Create | Villager (Male) |
| 14:05 | Build | Farm |
| 14:38 | Create | Unit 2550 |
| 14:49 | Build | House |
| 14:51 | Build | Palisade Wall |
| 15:01 | Create | Villager (Male) |
| 15:03 | Build | Blacksmith |
| 15:20 | Create | Skirmisher |
| 15:26 | Build | Palisade Wall |
| 15:29 | Build | Palisade Wall |
| 15:41 | Create | Archer |
| 15:53 | Create | Villager (Male) |
| 15:54 | Create | Skirmisher |
| 15:55 | Create | Skirmisher |
| 16:09 | Create | Unit 2550 |
| 16:23 | Create | Villager (Male) |
| 16:25 | Create | Skirmisher |
| 16:32 | Research | Fletching |
| 16:33 | Research | Padded Archer Armor |
| 16:41 | Build | Farm |
| 16:45 | Build | Farm |
| 16:47 | Build | Farm |
| 16:52 | Create | Villager (Male) |
| 16:55 | Build | House |
| 17:00 | Build | House |
| 17:04 | Build | Palisade Wall |
| 17:15 | Create | Villager (Male) |
| 17:17 | Create | Skirmisher |
| 17:20 | Create | Unit 2550 |
| 17:33 | Build | Settlement |
| 17:40 | Build | Palisade Wall |
| 17:57 | Create | Skirmisher |
| 17:57 | Create | Villager (Male) |
| 18:00 | Create | Unit 2550 |
| 18:27 | Research | Scale Mail Armor |
| 18:28 | Create | Villager (Male) |
| 18:29 | Create | Archer |
| 18:30 | Create | Spearman |
| 18:34 | Create | Skirmisher |
| 18:39 | Create | Villager (Male) |
| 18:41 | Build | Barracks |
| 18:49 | Create | Unit 2550 |
| 18:51 | Build | Farm |
| 18:53 | Build | Farm |
| 18:54 | Create | Villager (Male) |
| 19:02 | Build | Farm |
| 19:06 | Build | Farm |
| 19:12 | Build | Farm |
| 19:13 | Create | Unit 2550 |
| 19:19 | Build | Palisade Wall |
| 19:22 | Build | House |
| 19:29 | Create | Unit 2550 |
| 19:31 | Create | Skirmisher |
| 19:34 | Create | Unit 2550 |
| 19:46 | Build | Palisade Gate |
| 20:10 | Create | Villager (Male) |
| 20:11 | Create | Skirmisher |
| 20:12 | Create | Unit 2550 |
| 20:14 | Create | Villager (Male) |
| 20:22 | Build | Farm |
Match timeline
| 3:33 | eduv · first_building Barracks |
| 4:21 | Gil-galad · first_building Barracks |
| 8:39 | Gil-galad · wall_segment Palisade Wall x1 |
| 8:40 | Gil-galad · wall_segment Palisade Wall x1 |
| 8:42 | Gil-galad · wall_segment Palisade Wall x1 |
| 8:43 | Gil-galad · wall_segment Palisade Wall x1 |
| 8:46 | Gil-galad · wall_segment Palisade Wall x1 |
| 8:50 | Gil-galad · wall_segment Palisade Wall x1 |
| 9:03 | eduv · wall_segment Palisade Wall x5 |
| 9:14 | Gil-galad · wall_segment Palisade Wall x1 |
| 9:20 | Gil-galad · wall_segment Palisade Wall x1 |
| 9:22 | Gil-galad · wall_segment Palisade Wall x1 |
| 9:23 | Gil-galad · wall_segment Palisade Wall x1 |
| 9:51 | eduv · wall_segment Palisade Wall x1 |
| 9:53 | eduv · wall_segment Palisade Wall x1 |
| 10:49 | Gil-galad · wall_segment Palisade Wall x5 |
| 10:53 | Gil-galad · wall_segment Palisade Wall x1 |
| 10:54 | Gil-galad · wall_segment Palisade Wall x1 |
| 10:57 | Gil-galad · wall_segment Palisade Wall x1 |
| 13:32 | Gil-galad · wall_segment Palisade Wall x1 |
| 13:33 | Gil-galad · wall_segment Palisade Wall x1 |
| 13:46 | Gil-galad · age_up feudal |
| 13:54 | Gil-galad · first_building Archery Range |
| 14:28 | eduv · age_up feudal |
| 14:36 | eduv · first_building Archery Range |
| 14:47 | eduv · wall_segment Palisade Wall x1 |
| 14:50 | eduv · wall_segment Palisade Wall x1 |
| 14:51 | Gil-galad · wall_segment Palisade Wall x1 |
| 14:52 | eduv · wall_segment Palisade Wall x1 |
| 15:26 | Gil-galad · wall_segment Palisade Wall x1 |
| 15:29 | Gil-galad · wall_segment Palisade Wall x1 |
| 17:04 | Gil-galad · wall_segment Palisade Wall x1 |
| 17:40 | Gil-galad · wall_segment Palisade Wall x3 |
| 18:12 | eduv · wall_segment Palisade Wall x1 |
| 18:13 | eduv · wall_segment Palisade Wall x1 |
| 19:19 | Gil-galad · wall_segment Palisade Wall x6 |
| 22:26 | eduv · wall_segment Palisade Wall x1 |
| 23:29 | eduv · first_market_sell 100 stone |
| 23:30 | eduv · first_market_buy 100 food |
| 25:20 | Gil-galad · age_up castle |
| 26:31 | eduv · wall_segment Palisade Wall x1 |
| 26:32 | eduv · wall_segment Palisade Wall x1 |
| 26:34 | eduv · wall_segment Palisade Wall x1 |
| 26:34 | Gil-galad · first_building Siege Workshop |
| 26:35 | eduv · wall_segment Palisade Wall x1 |
| 26:49 | eduv · age_up castle |
| 27:25 | eduv · resign |
[ AI ANALYSIS · 1 CREDIT ]
What really happened in this match?
Wolo.gg analyzes every decision: build order, eco, micro, common mistakes by bracket. Personalized analysis on WhatsApp or Discord in 30 seconds.
Civ guide
Koreans
Perfil
Jugador #631884